 Dungeon Crawl Stone Soup version 0.19-a0-28-g8794423 (webtiles) character file.

3590 Minkie the Thaumaturge (level 9, -5/45 HPs)
             Began as a Deep Elf Summoner on May 1, 2016.
             Was a Believer of Sif Muna.
             Slain by a spiny frog (21 damage)
             ... on level 1 of the Lair of Beasts.
             The game lasted 00:55:36 (11639 turns).

Minkie the Thaumaturge (Deep Elf Summoner)         Turns: 11639, Time: 00:55:37

Health: -5/45      AC:  8    Str:  5    XL:     9   Next: 85%
Magic:  3/27       EV: 13    Int: 30    God:    Sif Muna [**....]
Gold:   496        SH:  0    Dex: 15    Spells: 3 memorised, 26 levels left

rFire  . . .     SeeInvis .     J - +8 falchion of Dithmenos's Generosity {drain, +Inv rElec rC+ Int+2}
rCold  + + .     Gourm    +     a - +0 robe
rNeg   . . .     Faith    .     (no shield)
rPois  .         Spirit   .     E - +2 helmet
rElec  +         Dismiss  .     G - +0 cloak
rCorr  .         Reflect  .     v - +1 pair of gloves
SustAt .         Harm     .     (no boots)
MR     .....                    Q - amulet of the gourmand
Stlth  ++........               K - +4 ring of intelligence
                                e - ring of protection from cold

@: lethally poisoned (-5 -> -22), not resistant to hostile enchantments,
unstealthy
A: no striking features
a: Channel Energy, Renounce Religion, Evoke Invisibility


You were on level 1 of the Lair of Beasts.
You worshipped Sif Muna.
Sif Muna was pleased with you.
You were completely stuffed.

You visited 3 branches of the dungeon, and saw 11 of its levels.

You collected 496 gold pieces.

Inventory:

Hand Weapons
 i - a +0 dagger
 J - the +8 falchion of Dithmenos's Generosity (weapon) {drain, +Inv rElec rC+ Int+2}
   (You found it on level 9 of the Dungeon)

   A truly terrible weapon, it drains the life of those it strikes.
   It affects your intelligence (+2).
   It protects you from cold.
   It insulates you from electricity.
   It lets you turn invisible.
Armour
 a - a +0 robe (worn)
 v - a +1 pair of gloves (worn)
 E - a +2 helmet (worn)
 F - a +0 buckler
 G - a +0 cloak (worn)
Jewellery
 e - a ring of protection from cold (left hand)
 K - a +4 ring of intelligence (right hand)
 Q - an amulet of the gourmand (around neck)
Wands
 O - a wand of random effects (36/48)
 P - a wand of paralysis (7/24)
 S - a wand of digging (16/24)
 V - a wand of acid (8/15)
Scrolls
 d - 2 scrolls of amnesia {unknown}
 f - 2 scrolls of magic mapping {unknown}
 g - a scroll of random uselessness {unknown}
 j - 5 scrolls of remove curse {unknown}
 m - 6 scrolls of teleportation {unknown}
 n - 2 scrolls of noise {unknown}
 r - 2 scrolls of fear {unknown}
 s - 3 scrolls of enchant armour {unknown}
 t - 2 scrolls of summoning {unknown}
 u - a scroll of enchant weapon {unknown}
 y - a scroll of brand weapon {unknown}
 I - a scroll of fog {unknown}
 N - a scroll of immolation {unknown}
 R - 2 scrolls of identify
 T - 2 scrolls of blinking {unknown}
Potions
 h - a potion of cancellation
 l - 6 potions of curing
 o - a potion of flight
 p - 4 potions of agility
 q - 3 potions of might
 w - a potion of haste
 x - 2 potions of heal wounds
 z - a potion of magic
 A - a potion of lignification
 D - 2 potions of resistance
 M - a potion of invisibility
Books
 b - a book of Callings

   Spells                             Type                      Level
   a - Summon Small Mammal            Summoning                    1
   b - Call Imp                       Summoning                    2
   c - Call Canine Familiar           Summoning                    3
   d - Summon Guardian Golem          Hexes/Summoning              3
   e - Summon Lightning Spire         Summoning/Air                4
   f - Summon Ice Beast               Ice/Summoning                4
 H - a book of the Sky

   Spells                             Type                      Level
   a - Summon Lightning Spire         Summoning/Air                4
   b - Airstrike                      Air                          4
   c - Silence                        Hexes/Air                    5
   d - Deflect Missiles               Charms/Air                   6
   e - Conjure Ball Lightning         Conjuration/Air              6
   f - Tornado                        Air                          9
 L - a book of Changes

   Spells                             Type                      Level
   a - Beastly Appendage              Transmutation                1
   b - Sticks to Snakes               Transmutation                2
   c - Spider Form                    Transmutation/Poison         3
   d - Ice Form                       Ice/Transmutation            4
   e - Blade Hands                    Transmutation                5
 X - a book of Unlife

   Spells                             Type                      Level
   a - Recall                         Summoning/Translocation      3
   b - Animate Dead                   Necromancy                   4
   c - Control Undead                 Necromancy                   4
   d - Cigotuvi's Embrace             Necromancy                   5
   e - Death Channel                  Necromancy                   6
   f - Simulacrum                     Ice/Necromancy               6
Comestibles
 c - 8 bread rations
 k - 3 beef jerkies
 B - 8 fruits
 C - 4 meat rations
 U - 8 slices of pizza
 W - 4 chunks of flesh


   Skills:
 - Level 2.4 Dodging
 - Level 2.4 Stealth
 + Level 12.7 Spellcasting
 + Level 11.2 Summonings
 + Level 3.4 Evocations


You had 26 spell levels left.
You knew the following spells:

 Your Spells              Type           Power        Failure   Level  Hunger
a - Summon Small Mammal   Summ           ####         1%          1    None
b - Call Imp              Summ           ######..     1%          2    None
c - Summon Ice Beast      Ice/Summ       ######..     2%          4    None


Dungeon Overview and Level Annotations

Branches:
Dungeon (9/15)             Temple (1/1) D:4            Lair (1/8) D:9
    Orc: D:9-12

Altars:
Ashenzari
Cheibriados
Dithmenos
Elyvilon
Fedhas
Gozag
Kikubaaqudgha
Makhleb
Nemelex Xobeh
Okawaru
Pakellas
Qazlal
Ru
Sif Muna
Trog
Vehumet
Xom
Yredelemnul
Zin
The Shining One

Shops:
D:6 =


Message History

Anything else - Stay silent.
Gang up on whom?
Press: ? - help, Dir - move target cursor, f - spiny frog
Aim: a spiny frog Attack!
Your ice beast disappears in a puff of smoke!
The spiny frog stings you!
You are poisoned.
The spiny frog poisons you!
Your ice beast barely misses the spiny frog.
You slash the spiny frog! You drain the spiny frog!
The spiny frog is moderately wounded.
You feel very sick. The spiny frog stings you!
Your ice beast hits the spiny frog but does no damage. x2
The river rat closely misses you.
Casting: Summon Ice Beast
Confirm with . or Enter, or press ? or * to list all spells.
A chill wind blows around you.
You feel sick. The spiny frog stings you!!
You die...

..#....#### #..(...# .. ....
..........# #......##.# ....
......#...####....##.. ...#
......##.....##...##.) ...##
......##.....###.###.#......
#.....#..........###.#.....#
#...###..........#.#.r[....#
#.....#....(...............#
.....##....####.@r...#.....#
...........# #YFY..## ....#
...###....###...Y.### ...#
#### #...## #........ ..#
###P# #....#P..# .# ###
#....##.... # ###### ###.


You could see a spiny frog, 2 river rats and 3 friendly ice beasts.

Vanquished Creatures
  A wolf (Lair:1)
  A wight (D:6)
  2 giant frog zombies
  Crazy Yiuf (D:5)
  An iguana (Lair:1)
  An adder zombie (D:5)
  2 giant geckos (D:2)
  A giant cockroach (D:5)
  3 hobgoblins
  A jackal (D:2)
  A quokka (D:2)
  4 bats
  2 giant newts
  A kobold (D:2)
  7 rats
29 creatures vanquished.

Vanquished Creatures (collateral kills)
  Pikel (D:9)
  The ghost of Minkie the Thaumaturge, a novice DESu of Sif Muna (D:7)
  A two-headed ogre (D:9)
  Prince Ribbit (D:7)
  A boulder beetle (Lair:1)
  A human (D:9)
  A wyvern (D:8)
  Grum (D:8)
  A hungry ghost (D:9)
  3 hippogriffs (D:7)
  Duvessa (D:7)
  3 orc warriors
  2 sky beasts
  4 wolves
  2 centaurs (D:7)
  4 ogres
  5 crocodiles
  2 giant frogs
  Dowan (D:7)
  A wyvern skeleton (D:6)
  3 scorpions
  4 killer bees (D:7)
  3 wights (D:6)
  6 howler monkeys
  A giant frog zombie (D:9)
  3 crimson imps
  3 centaur zombies
  5 jellies
  An orc priest (D:7)
  2 giant frog skeletons (D:7)
  A gnoll shaman (D:4)
  6 hounds
  9 iguanas
  4 orc wizards
  9 worker ants
  4 sheep (Lair:1)
  3 hound skeletons
  A mummy (D:7)
  2 worker ant zombies
  A howler monkey skeleton (D:8)
  A howler monkey zombie (D:6)
  9 gnolls
  11 adders
  An ooze (D:5)
  3 adder skeletons
  3 worms (D:2)
  A dart slug (D:1)
  2 giant geckos
  19 orcs
  2 bat skeletons (D:2)
  4 giant cockroaches
  11 goblins
  4 hobgoblins
  8 jackals
  4 quokkas
  A ball python skeleton (D:2)
  A ball python zombie (D:2)
  17 bats
  3 giant gecko skeletons
  3 giant newts
  3 hobgoblin zombies (D:7)
  A jackal zombie (D:8)
  7 kobolds
  A kobold zombie (D:7)
  A rat (D:1)
  A fungus (D:9)
  2 plants (D:9)
232 creatures vanquished.

Vanquished Creatures (others)
  A black bear (D:9)
  A slave (D:9)
  10 fungi (D:9)
  A plant (D:9)
13 creatures vanquished.

Grand Total: 274 creatures vanquished

Notes
Turn   | Place    | Note
--------------------------------------------------------------
     0 | D:1      | Minkie the Deep Elf Summoner began the quest for the Orb.
     0 | D:1      | Reached XP level 1. HP: 10/10 MP: 6/6
   640 | D:1      | Reached XP level 2. HP: 15/15 MP: 4/8
   674 | D:1      | Learned a level 2 spell: Call Imp
  1068 | D:1      | Reached skill level 4 in Spellcasting
  1329 | D:2      | Reached XP level 3. HP: 18/19 MP: 6/10
  1460 | D:2      | Reached skill level 5 in Summonings
  2592 | D:3      | Reached XP level 4. HP: 24/24 MP: 9/12
  2605 | D:3      | Learned a level 4 spell: Summon Ice Beast
  2693 | D:3      | Reached skill level 5 in Spellcasting
  3170 | D:3      | Found a stormy altar of Qazlal.
  3721 | D:4      | Noticed an ogre
  3828 | D:4      | Killed an ogre
  3828 | D:4      | Reached XP level 5. HP: 28/28 MP: 8/15
  3921 | D:4      | Reached skill level 6 in Spellcasting
  3950 | D:4      | Found a staircase to the Ecumenical Temple.
  3959 | Temple   | Entered the Ecumenical Temple
  4572 | D:5      | Entered Level 5 of the Dungeon
  4611 | D:5      | Reached XP level 6. HP: 25/32 MP: 8/17
  5322 | D:5      | Reached skill level 7 in Spellcasting
  5437 | D:5      | Noticed a sky beast
  5443 | D:5      | Killed a sky beast
  5526 | D:5      | Noticed Crazy Yiuf
  5534 | D:5      | Killed Crazy Yiuf
  6036 | D:6      | Reached XP level 7. HP: 36/36 MP: 12/20
  6295 | D:6      | Reached skill level 8 in Spellcasting
  6374 | D:6      | Found Jiecsueg's Jewellery Shoppe.
  6928 | D:6      | Found an iron altar of Okawaru.
  7022 | D:6      | Found a shadowy altar of Dithmenos.
  7024 | D:6      | Found a deep blue altar of Sif Muna.
  7078 | D:7      | Noticed a hippogriff
  7084 | D:7      | Noticed a hippogriff
  7085 | D:7      | Killed a hippogriff
  7309 | D:7      | Reached skill level 9 in Spellcasting
  7313 | D:7      | Noticed Minkie's ghost (novice DESu)
  7326 | D:7      | Killed Minkie's ghost
  7326 | D:7      | Reached XP level 8. HP: 39/41 MP: 7/23
  7885 | D:7      | Reached skill level 10 in Spellcasting
  8185 | D:7      | Found a sacrificial altar of Ru.
  8231 | D:7      | Found a shattered altar of Ashenzari.
  8446 | D:6      | Became a worshipper of Sif Muna the Loreminder
  8811 | D:7      | Found a basalt altar of Yredelemnul.
  8968 | D:7      | Noticed Duvessa
  8968 | D:7      | Noticed Dowan
  8975 | D:7      | Killed Duvessa
  8979 | D:7      | Killed Dowan
  9086 | D:7      | Reached skill level 11 in Spellcasting
  9121 | D:7      | Noticed Prince Ribbit
  9126 | D:7      | Killed Prince Ribbit
  9316 | D:8      | Found an iron altar of Okawaru.
  9431 | D:8      | Reached skill level 10 in Summonings
  9431 | D:8      | Reached XP level 9. HP: 45/45 MP: 22/26
  9668 | D:8      | Reached * piety under Sif Muna
  9819 | D:8      | Noticed Grum
  9836 | D:8      | Killed Grum
 10129 | D:9      | Found a staircase to the Lair.
 10271 | D:9      | Reached skill level 12 in Spellcasting
 10291 | D:9      | Got an ichor-stained falchion
 10292 | D:9      | Identified the +8 falchion of Dithmenos's Generosity {drain, +Inv rElec rC+ Int+2} (You found it on level 9 of the Dungeon)
 10451 | D:9      | Noticed Pikel
 10564 | D:9      | Killed Pikel
 10564 | D:9      | Reached skill level 1 in Evocations
 10704 | D:9      | Reached ** piety under Sif Muna
 10821 | D:9      | Found an ancient bone altar of Kikubaaqudgha.
 11116 | Lair:1   | Entered Level 1 of the Lair of Beasts
 11632 | Lair:1   | Noticed a spiny frog
 11639 | Lair:1   | Slain by a spiny frog

Vault maps used:
D:1:      lightli_arrival_lavapool
D:2:      serial_undead, serial_undead_c, serial_undead_a, serial_undead_a,
          serial_undead_f, grunt_ministairs_2
D:3:      grunt_qazlal_clouds, first_bread
D:4:      minmay_temple_entry_large_hall, nrook_loot_triangle
D:5:      uniq_crazy_yiuf_cottage
D:6:      nicolae_overflow_hidden_temple, serial_shops, nicolae_shop_waterfront,
          kennysheep_generic_room_15
D:7:      nicolae_ru_awakened_eye, kennysheep_mini_moat,
          cheibrodos_ashenzari_chains, minmay_mini_ossuary, uniq_duvessa,
          uniq_prince_ribbit1
D:8:      okawaru_metal_pillars_1_2, uniq_grum
D:9:      marbit_many_paths, due_lair_maze_entry_diamond, grunt_pizzeria,
          uniq_pikel
Temple:   circular_temple_12

Skill      XL: |  1  2  3  4  5  6  7  8  9 |
---------------+----------------------------+-----
Spellcasting   | 4 5 6 7 9 11 12 | 12.7
Summonings     | 5 6 7 8 10 11 | 11.2
Evocations     | 3 |  3.4
Dodging        | |  2.4
Stealth        | |  2.4

Action                   |  1- 3 |  4- 6 |  7- 9 || total
-------------------------+-------+-------+-------++-------
Melee: Unarmed           |    13 |       |       ||    13
       Dagger            |    31 |    40 |    40 ||   111
       Falchion          |       |       |    20 ||    20
 Cast: Summon Small Mamm |    99 |    42 |       ||   141
       Call Imp          |       |     5 |     3 ||     8
       Summon Ice Beast  |       |    43 |   133 ||   176
  Use: Scroll            |       |       |    12 ||    12
 Stab: Sleeping          |     7 |     5 |     1 ||    13
       Distracted        |       |       |     1 ||     1
  Eat: Chunk             |     4 |    15 |    36 ||    55
       Royal jelly       |       |     1 |       ||     1
       Beef jerky        |       |       |     2 ||     2
Armor: Robe              |    13 |    19 |    37 ||    69
Dodge: Dodged            |    53 |    62 |    94 ||   209
